 Dungeon Crawl Stone Soup version 0.28.0-53-g5a82cb258f (webtiles) character file.

Game seed: 9977360671462511270

112 safid the Skirmisher (level 4, -2/41 HPs)
             Began as a Hill Orc Fighter on Aug 16, 2022.
             Slain by an orc wizard
             ... wielding a +0 dagger
              (3 damage)
             ... on level 3 of the Dungeon.
             The game lasted 00:02:41 (2670 turns).

safid the Skirmisher (Hill Orc Fighter)             Turns: 2670, Time: 00:02:42

Health: -2/41      AC:  7    Str: 20    XL:     4   Next: 93%
Magic:  4/4        EV:  9    Int:  8    God:
Gold:   19         SH:  0    Dex: 10    Spells: 3/3 levels left

rFire   . . .      SeeInvis .   a - +0 war axe
rCold   . . .      Faith    .   c - +0 buckler
rNeg    . . .      Spirit   .   b - +0 scale mail
rPois   .          Reflect  .   (no helmet)
rElec   .          Harm     .   (no cloak)
rCorr   .          Rampage  .   (no gloves)
Will    .....                   (no boots)
Stlth   ..........              (no amulet)
HPRegen 0.13/turn               (no ring)
MPRegen 0.09/turn               (no ring)

@: confused
A: no striking features
a: no special abilities


You were on level 3 of the Dungeon.
You visited 1 branch of the dungeon, and saw 3 of its levels.

You collected 89 gold pieces.
You spent 70 gold pieces at shops.

Inventory:

Hand Weapons
 a - a +0 war axe (weapon)
Missiles
 l - 3 curare-tipped darts (quivered)
Armour
 b - a +0 scale mail (worn)
 c - a +0 buckler (worn)
Jewellery
 h - an amulet of faith
 i - a +4 ring of evasion
Scrolls
 e - a scroll of fear {unknown}
 g - a scroll of brand weapon {unknown}
 j - a scroll of summoning {unknown}
 k - 5 scrolls of identify
 m - a scroll of magic mapping {unknown}
 o - a scroll of teleportation
Potions
 d - a potion of might
 f - a potion of curing {unknown}
 n - a potion of flight {unknown}


   Skills:
 + Level 4.6 Fighting
 + Level 4.0 Axes
 + Level 4.1 Armour
 + Level 4.1 Shields


You had 3 spell levels left.
You didn't know any spells.
Your spell library contained the following spells:

 Spells                   Type           Power      Damage    Failure   Level
 Foxfire                  Conj/Fire      0%         2x1d4     85%         1
 Scorch                   Fire           0%         2d5       94%         2
 Conjure Flame            Conj/Fire      0%         6-21      99%         3
 Inner Flame              Hex/Fire       0%         N/A       99%         3
 Flame Wave               Conj/Fire      0%         2d4       100%        4
 Summon Cactus Giant      Summ           0%         N/A       100%        6


Dungeon Overview and Level Annotations

Branches:
Dungeon (3/15)

Altars:
Ashenzari
Ru

Shops:
D:2 ?


Message History

The ball python constricts you. Something hits you but does no damage.
Unknown command.
You escape the ball python's grasp.
Something hits you but does no damage. The ball python barely misses you.
The ball python grabs you. The ball python constricts you.
You see here a +0 short sword.
Unknown command.
You escape the ball python's grasp.
Unknown command.
Something hits you but does no damage. The ball python barely misses you. x2
Unknown command.
You hit the ball python.
You kill the ball python!
You miss something.
You feel less confused. Something hits you.
* * * LOW HITPOINT WARNING * * *
Unknown command.
Something hits you but does no damage. Something hits you.
* * * LOW HITPOINT WARNING * * *
You see here a dart slug corpse.
You hear some strange, mumbled words.
You are confused.
Something hits you but does no damage.
You completely miss something. Something hits you.
* * * LOW HITPOINT WARNING * * *
Something hits you but does no damage.
You're too confused to move!
Something hits you.
* * * LOW HITPOINT WARNING * * *
You bump into the rock wall.
Something hits you but does no damage.
You closely miss something.
An orc wizard appears from thin air!
Reactivating autopickup.
The orc wizard points at you and mumbles some strange words.
The magic dart hits you.
* * * LOW HITPOINT WARNING * * *
Unknown command.
You bump into the rock wall.
The orc wizard hits you with a +0 dagger.
You die...

#....#[.# ##....... ##
....... .# ..$.. .# .
.....# #.#.# .# # . . .....
####.#.######.##.#.# . ....
#......##..........# .
...♣+♣♣♣+♣..#.##.........##
. ..
♣.....♣....@o.†.........
.#g#
♣.≈≈≈.♣.#####.)......###
...##♣.....♣.# #)......##
.g##.'.._..'.# #.......#
g.g#.♣.....♣## #.......#
.#wg.♣.≈§≈.♣ #.......#
.###.♣..)..♣ #.......# .
##♣'♣♣♣'♣ #$......# .
#...#.# #########


You could see an orc wizard.

Vanquished Creatures
  3 gnolls
  2 adders (D:2)
  3 dart slugs
  2 orcs (D:3)
  6 bats
  4 endoplasms
  2 giant cockroaches (D:1)
  6 goblins
  7 hobgoblins
  2 quokkas (D:2)
  2 ball pythons
  5 frilled lizards (D:1)
  5 kobolds
  8 rats
57 creatures vanquished.

Notes
Turn   | Place    | Note
-------+----------+-------------------------------------------
     0 | D:1      | safid the Hill Orc Fighter began the quest for the Orb.
     0 | D:1      | Reached XP level 1. HP: 19/19 MP: 1/1
   123 | D:1      | Reached XP level 2. HP: 25/27 MP: 2/2
   539 | D:1      | Reached XP level 3. HP: 33/33 MP: 3/3
  1005 | D:2      | Found a faded altar of an unknown god.
  1616 | D:2      | Found Deruurin's Magic Scroll Shop.
  1621 | D:2      | Bought a scroll of identify for 28 gold pieces
  1621 | D:2      | Bought a scroll of teleportation for 42 gold pieces
  1728 | D:2      | Reached XP level 4. HP: 40/40 MP: 4/4
  2019 | D:2      | Found a sacrificial altar of Ru.
  2089 | D:3      | Found a broken altar of Ashenzari.
  2669 | D:3      | HP: 1/41 [orc wizard/magic dart (3)]
  2670 | D:3      | Slain by an orc wizard

Illustrated notes

Levels and vault maps discovered:
D:1:      dpeg_arrival_tiny_c, layout_basic, minmay_box_of_dots
D:2:      layout_loops_corners, hellmonk_ecumenical_altar_lost_god,
          serial_shops, nicolae_shop_hallway_plus, basic_altar,
          minmay_surrounded
D:3:      layout_rooms, mainiacjoe_overflow_six_doors_small, serial_shops,
          nicolae_shop_advertising_works [nicolae_subvault_shop_adworks],
          minivault_27

Skill      XL: |  1  2  3  4 |
---------------+-------------+-----
Axes           | 3 4 |  4.0
Fighting       | 4 |  4.6
Armour         | 4 |  4.1
Shields        | 4 |  4.1

Action                   |  1- 3 |  4- 6 || total
-------------------------+-------+-------++-------
Melee: War axe           |   121 |    48 ||   169
Armor: Scale mail        |    68 |    40 ||   108
Dodge: Dodged            |    56 |    30 ||    86
Block: Buckler           |    37 |    14 ||    51
